 Dungeon Crawl Stone Soup version 0.30-a0-630-g881e3bac89 (webtiles) character file.

Game seed: 1790995344468537105

38 Fenrisus the Covered (level 3, 0/30 HPs)
             Began as a Djinni Fighter on Jan 13, 2023.
             Slain by Terence
             ... wielding a +2 hand axe of freezing
              (4 damage)
             ... on level 2 of the Dungeon.
             The game lasted 00:15:47 (1516 turns).

Fenrisus the Covered (Djinni Fighter)               Turns: 1516, Time: 00:15:48

Health: 0/30       AC:  6    Str: 17    XL:     3   Next: 65%
Gold:   120        EV:  9    Int:  9    God:
                   SH:  4    Dex: 12

rFire   + + .      SeeInvis .    a - +0 rapier
rCold   x . .      Faith    .    c - +0 buckler
rNeg    . . .      Spirit   .    b - +0 scale mail
rPois   ∞          Reflect  .    (no helmet)
rElec   .          Harm     .    (no cloak)
rCorr   .          Rampage  .    (no gloves)
Will    .....                    (boots unavailable) Stlth
                                 (no amulet)
HPRegen 0.25/turn                (no ring)
MPRegen 0.00/turn                (no ring)

@: flying
A: sickness immunity, fire resistance 2, cold vulnerability 1, float, innate
caster, HP casting, extra vitality 1
a: no special abilities


You were on level 2 of the Dungeon.
You visited 1 branch of the dungeon, and saw 2 of its levels.

You collected 120 gold pieces.

Inventory:

Hand Weapons
 a - a +0 rapier (weapon)
Armour
 b - a +0 scale mail (worn)
 c - a +0 buckler (worn)
Scrolls
 e - a scroll of summoning
 g - a scroll of identify
Potions
 f - 2 potions of resistance


   Skills:
 + Level 3.3 Fighting
 + Level 2.1 Short Blades
 + Level 3.5 Armour
 + Level 0.5 Dodging
 + Level 3.2 Shields


You had one spell level left.
You knew the following spells:

 Your Spells              Type           Power      Damage    Failure   Level
a - Sandblast             Erth           0%         2d4       87%         1
Your spell library was empty.

Dungeon Overview and Level Annotations

Branches:
Dungeon (2/15)

Altars:
Hepliaklqana

Annotations:
D:2 Terence


Innate Abilities, Weirdness & Mutations

You are immune to sickness and miasma.
You are immune to poison.
Your flesh is very heat resistant. (rF++)
You are vulnerable to cold. (rC-)
You float through the air rather than walking.
You learn spells naturally, not from books.
Your magical power is your life essence.
You have superior vitality. (+4 MHP)


Message History

You hit the goblin.
You kill the goblin!
Found a hand axe.
Found a scroll labelled MOCEUFA AMU.
Found a stone staircase leading up.
A rat and a frilled lizard come into view.
The frilled lizard hisses angrily.
You hit the rat but do no damage. The rat bites you but does no damage.
You closely miss the rat. The rat closely misses you.
You closely miss the rat. The rat bites you.
You closely miss the rat. The rat bites you.
You hit the rat but do no damage. The rat barely misses you. x2
You hit the rat.
You kill the rat!
You hit the frilled lizard.
You kill the frilled lizard!
g - 3 scrolls labelled MOCEUFA AMU (gained 1)
As you read the scroll labelled MOCEUFA AMU, it crumbles to dust.
It is a scroll of identify.
f - 2 potions of resistance
As you read the scroll of identify, it crumbles to dust.
e - a scroll of summoning
Found 17 gold pieces.
Found a hazy altar of Hepliaklqana.
Terence the Incautious comes into view.
He is wielding a +2 hand axe of freezing.
Terence drinks a potion.
Terence goes berserk!
Terence attacks as you move away! Terence misses you.
Terence rages.
Terence attacks as you move away!
Terence hits you with a +2 hand axe of freezing!
Terence freezes you.
Terence hits you with a +2 hand axe of freezing!
* * * LOW HITPOINT WARNING * * *
Terence freezes you.
* * * LOW HITPOINT WARNING * * *
You feel better.
Terence hits you with a +2 hand axe of freezing!
* * * LOW HITPOINT WARNING * * *
Terence freezes you.
You die...

#..........# #......
#####.#.######.#.# #.....#
....†...# #.# .......
#####.####### #.# ##.....#
#...)........ ... .......
#......###### #.##########.....#
#............ #.#..............#
#.....##########.#.#######......#
#..............@@#.#.....#......#
.......)...............# #†######
.#....############.#####.#.##....
<#....# #.......#.##.... #....#
#########.##.... .......
.............. #######
#######.##.... #.##.... #.##....


You could see Terence (berserk).

Vanquished Creatures
  A gnoll (D:1)
  A dart slug (D:1)
  2 endoplasms (D:2)
  6 goblins
  2 hobgoblins (D:2)
  2 quokkas
  A ball python (D:1)
  3 bats
  2 frilled lizards
  4 kobolds (D:1)
  A rat (D:2)
25 creatures vanquished.

Notes
Turn   | Place    | Note
-------+----------+-------------------------------------------
     0 | D:1      | Fenrisus the Djinni Fighter began the quest for the Orb.
     0 | D:1      | Reached XP level 1. HP: 20/20 MP: 0/0
   233 | D:1      | Reached XP level 2. HP: 25/25 MP: 0/0
   579 | D:1      | Reached XP level 3. HP: 22/30 MP: 0/0
   579 | D:1      | Learned a level 1 spell: Sandblast
  1490 | D:2      | Found a hazy altar of Hepliaklqana.
  1491 | D:2      | Noticed Terence
  1516 | D:2      | Slain by Terence

Illustrated notes

Levels and vault maps discovered:
D:1:      eino_arrival_water_star, layout_basic, nicolae_grassy_gnolls
D:2:      layout_basic, basic_altar, uniq_terence

Skill      XL: |  1  2 |
---------------+-------+-----
Short Blades   | 2 |  2.1
Fighting       | |  3.3
Armour         | |  3.5
Dodging        | |  0.5
Shields        | |  3.2

Action                   || total
-------------------------++-------
Melee: Rapier            ||    80
  Use: Scroll            ||     3
       Potion            ||     3
Armor: Scale mail        ||    22
Dodge: Dodged            ||    33
Block: Buckler           ||    17

Table legend: (Time is in decaauts)
 A = Elapsed time spent in this place.
 B = Non-inter-level travel time spent in this place.
 C = Inter-level travel time spent in this place.
 D = Time resting spent in this place.
 E = Time spent auto-exploring this place.
 F = Levels seen in this place.
 G = Mean time per level.
                   A        B        C        D        E       F      G
               +--------+--------+--------+--------+--------+-----+--------+
         Total |   1529 |    646 |    883 |      0 |     35 |   2 |  764.5 |
       Dungeon |   1529 |    646 |    883 |      0 |     35 |   2 |  764.5 |
               +--------+--------+--------+--------+--------+-----+--------+

Top non-repeatable levels by time:
     D:1: 1132 daAuts
     D:2: 396 daAuts
